Map: Pride of Altaris LE

Players

protthor - Winner!

  • Race: Protoss Protoss
  • League: Platinum

FappyPappy

  • Race: Terran Terran
  • League: Diamond

VOD

Have the link to the VOD?

Description

Time

  • Played on: March 11, 2022, 12:24 p.m.
  • Length: 18:37
Show
View Real Time Build Order
Export as new Build Order

protthor Protoss - Winner!

Build Orders: Colossus Rush 

Get SALT Encoding   

  12  0:15  Probe (Chrono Boost)  
  13  0:28  Probe (Chrono Boost)  
  15  0:36  Probe (Chrono Boost)  
  15  0:41  Pylon  
  15  1:19  Gateway  
  15  1:21  Probe, Nexus  
  15  1:22  Assimilator  
  16  1:28  Assimilator  
  16  1:33  Probe  
  17  1:51  Probe  
  18  2:03  Probe  
  18  2:06  Cybernetics Core  
  19  2:12  Gateway  
  19  2:15  Probe  
  20  2:27  Probe  
  21  2:35  Probe  
  22  2:40  Probe  
  23  2:46  Stalker (Chrono Boost)  
  23  2:47  Probe  
  23  2:49  Robotics Facility  
  26  2:55  Warp Gate  
  26  2:57  Probe  
  26  2:58  Pylon  
  27  2:59  Probe  
  27  3:02  Stalker (Chrono Boost)  
  30  3:09  Probe  
  30  3:11  Probe  
  34  3:21  Probe  
  35  3:30  Pylon  
  33  3:41  Robotics Bay  
  33  3:45  Pylon  
  33  3:46  Observer  
  33  3:47  Probe x2  
  36  3:50  Assimilator  
  36  3:53  Shield Battery  
  36  3:59  Probe x2  
  38  4:11  Probe x2  
  40  4:21  Forge  
  40  4:23  Probe x2  
  42  4:27  Colossus  
  48  4:35  Probe x2  
  50  4:46  Pylon  
  50  4:47  Extended Thermal Lance  
  50  5:04  Stalker x2  
  54  5:13  Photon Cannon  
  54  5:14  Shield Battery  
  54  5:24  Sentry x2  
  58  5:49  Zealot x2  
  56  5:58  Probe x2  
  57  6:10  Probe x2  
  59  6:22  Probe x2  
  59  6:23  Protoss Ground Weapons Level 1 (Chrono Boost), Assimilator  
  61  6:27  Colossus  
  61  6:28  Forge  
  67  6:34  Probe x2, Gateway  
  67  6:38  Gateway  
  69  6:40  Nexus  
  69  6:46  Probe  
  70  6:50  Photon Cannon  
  70  6:57  Pylon  
  70  7:04  Pylon  
  70  7:13  Protoss Ground Armor Level 1 (Chrono Boost)  
  70  7:16  Pylon  
  70  7:22  Zealot x2  
  74  7:28  Photon Cannon  
  74  7:29  Shield Battery  
  74  7:30  Colossus  
  74  7:33  Stalker  
  82  7:41  Gravitic Boosters  
  82  7:43  Shield Battery  
  82  7:50  Assimilator  
  82  7:53  Pylon  
  82  7:54  Probe x3  
  85  8:06  Probe  
  85  8:07  Twilight Council  
  85  8:12  Pylon  
  86  8:15  Probe x2  
  86  8:18  Pylon  
  88  8:21  Robotics Facility  
  88  8:22  Probe  
  88  8:23  Pylon  
  89  8:27  Probe x2  
  89  8:28  Assimilator  
  89  8:33  Disruptor  
  94  8:36  Sentry  
  94  8:37  Stalker x3  
  94  8:38  Pylon  
  102  8:49  Protoss Ground Weapons Level 2  
  102  8:53  Shield Battery  
  102  8:56  Gateway  
  102  8:57  Gateway  
  102  9:02  Pylon  
  102  9:10  Zealot x2  
  102  9:11  Zealot x2  
  102  9:14  Pylon  
  102  9:16  Probe x3  
  113  9:19  Disruptor  
  113  9:22  Observer  
  117  9:25  Charge  
  117  9:28  Protoss Shields Level 1  
  117  9:37  Stargate  
  117  9:40  Stargate  
  117  9:50  Probe x3  
  120  9:53  Protoss Air Weapons Level 1  
  120  10:03  Nexus  
  120  10:06  Photon Cannon  
  120  10:07  Pylon, Templar Archives  
  120  10:11  Colossus  
  126  10:22  Zealot x5  
  126  10:23  Zealot  
  138  10:53  Zealot x4  
  138  10:54  Zealot x2  
  120  11:27  Stalker x3  
  120  11:28  Stalker x3  
  94  11:56  Zealot x4  
  94  11:57  Zealot x2  
  95  12:02  Void Ray  
  95  12:03  Void Ray  
  95  12:05  Colossus x2  
  115  12:21  High Templar x3  
  115  12:22  High Templar x3, Nexus  
  127  12:25  Archon x2  
  127  12:26  Archon  
  127  12:27  Protoss Ground Weapons Level 3 (Chrono Boost)  
  127  12:28  Protoss Ground Armor Level 2 (Chrono Boost)  
  127  12:57  Zealot x6  
  123  13:09  Pylon  
  123  13:10  Psionic Storm  
  123  13:12  Immortal x2  
  131  13:14  Dark Shrine  
  131  13:19  Void Ray x2, Nexus  
  131  13:25  Gateway  
  139  13:29  Gateway  
  139  13:31  Gateway  
  139  13:33  Gateway  
  139  13:34  Gateway  
  139  13:36  Zealot x6  
  151  13:48  Shield Battery  
  151  13:50  Shield Battery  
  151  13:51  Assimilator, Void Ray x2  
  151  13:53  Probe x3  
  154  13:56  Assimilator  
  154  13:58  Pylon  
  154  14:01  Pylon  
  154  14:05  Probe  
  163  14:12  Pylon  
  163  14:14  Disruptor x2  
  169  14:22  Gravitic Drive  
  169  14:23  Blink  
  169  14:33  Probe x4  
  173  14:43  Zealot x4  
  173  14:44  Zealot x5  
  173  14:45  Probe x3  
  193  15:04  Probe x3  
  193  15:05  Probe x2  
  184  15:16  Probe  
  150  15:22  Zealot x10  
  150  15:23  Zealot  
  147  15:45  Pylon  
  147  15:46  Pylon, Dark Templar x5  
  147  15:47  Dark Templar  
  159  15:50  Assimilator  
  159  15:52  Assimilator  
  159  15:56  Colossus  
  142  16:47  Stalker x9  
  144  16:48  Stalker x2  
  164  17:08  Disruptor  
  164  17:09  Disruptor  
  164  17:11  Zealot x2  
  164  17:12  Zealot x8  
  164  17:13  Zealot  
  164  17:15  Void Ray  
  196  17:55  High Templar  
  196  17:56  High Templar  
  200  17:59  Assimilator  
  200  18:01  Pylon  
  200  18:04  Pylon  
  198  18:24  High Templar  
  200  18:30  Photon Cannon  
  200  18:32  Pylon  
  200  18:35  Pylon  
Show
View Real Time Build Order
Export as new Build Order

FappyPappy Terran 

Build Orders: Reaper Expand 

Get SALT Encoding   

  12  0:00  SCV  
  13  0:12  SCV  
  14  0:17  Supply Depot  
  14  0:24  SCV  
  15  0:38  SCV  
  15  0:41  Barracks  
  16  0:43  Refinery  
  16  0:51  SCV  
  17  1:03  SCV  
  18  1:15  SCV  
  19  1:27  Orbital Command  
  19  1:28  Reaper  
  20  1:42  Command Center  
  20  1:53  SCV  
  21  1:56  Barracks  
  21  2:01  Barracks Reactor  
  21  2:06  Supply Depot  
  21  2:09  SCV  
  22  2:17  Barracks  
  22  2:21  SCV  
  23  2:33  SCV  
  24  2:38  Bunker  
  24  2:39  Marine x2  
  26  2:44  Barracks Tech Lab  
  26  2:46  SCV  
  27  2:56  Orbital Command  
  27  2:57  Marine x2  
  27  2:58  SCV  
  30  3:03  Stimpack  
  30  3:05  Barracks Tech Lab  
  30  3:13  Marauder, SCV  
  30  3:16  Marine  
  30  3:18  Marine  
  35  3:22  SCV  
  36  3:27  Marauder  
  36  3:28  SCV  
  36  3:34  SCV  
  39  3:37  Marine x2  
  39  3:40  SCV  
  42  3:46  Combat Shield, Supply Depot  
  42  3:47  Supply Depot  
  42  3:50  Marauder  
  42  3:52  SCV  
  45  3:57  SCV  
  45  4:01  Refinery  
  46  4:07  Marine x2, SCV  
  46  4:08  Marauder  
  51  4:10  Supply Depot  
  51  4:11  Supply Depot  
  51  4:12  SCV  
  51  4:14  Marauder  
  54  4:19  SCV  
  56  4:24  SCV  
  56  4:26  Marine x2  
  56  4:30  Marauder  
  60  4:32  SCV  
  60  4:36  SCV  
  64  4:38  Marauder  
  64  4:44  Marine x2, SCV  
  67  4:46  Supply Depot x2  
  67  4:48  SCV  
  68  4:56  SCV  
  68  4:58  Marauder  
  71  5:00  SCV  
  71  5:04  Marine x2  
  71  5:05  Command Center  
  71  5:06  Marine  
  75  5:08  SCV  
  75  5:10  Factory  
  75  5:12  SCV  
  77  5:15  Refinery  
  77  5:17  Refinery  
  77  5:23  Marine  
  77  5:24  Engineering Bay, Marine  
  77  5:25  Marauder  
  77  5:26  SCV  
  82  5:32  SCV  
  83  5:38  SCV  
  83  5:40  Marauder  
  86  5:44  Marine, SCV  
  86  5:45  Marine  
  89  5:51  SCV  
  89  5:56  SCV  
  77  6:05  Marine  
  77  6:06  Marauder x2, Marine  
  54  6:18  Orbital Command  
  82  6:19  SCV x2, Starport  
  84  6:31  Factory Reactor, SCV x2  
  86  6:33  Terran Infantry Weapons Level 1  
  86  6:34  Missile Turret  
  86  6:36  Missile Turret  
  86  6:40  Orbital Command  
  86  6:45  Barracks x2  
  86  6:46  SCV x2, Starport  
  88  6:56  Starport Reactor  
  88  6:59  SCV  
  88  7:00  SCV  
  90  7:05  Marine x2  
  90  7:06  Marauder x2  
  90  7:07  SCV  
  97  7:11  SCV  
  97  7:12  SCV  
  97  7:14  Factory Tech Lab  
  99  7:19  SCV, Medivac x2  
  104  7:24  SCV x2  
  104  7:25  Refinery  
  104  7:26  Missile Turret, Sensor Tower  
  104  7:27  Starport Reactor, Refinery  
  104  7:29  Marine x2  
  108  7:36  Barracks Reactor  
  108  7:39  Barracks Tech Lab  
  108  7:46  Siege Tank, Supply Depot  
  108  7:47  Marauder x2  
  108  7:48  Supply Depot  
  115  7:53  Engineering Bay  
  115  7:56  Armory  
  115  7:57  Marine x2  
  119  7:58  Marauder  
  119  8:01  Medivac  
  119  8:03  Medivac  
  119  8:04  SCV  
  124  8:12  Marauder x2  
  128  8:13  Marine  
  128  8:14  Marine  
  128  8:15  Medivac  
  128  8:17  Marine x2  
  128  8:19  Concussive Shells  
  136  8:20  Marauder  
  136  8:22  Siege Tank  
  139  8:27  Terran Infantry Armor Level 1  
  139  8:30  Medivac  
  141  8:41  Marine x2, Supply Depot  
  141  8:42  Marauder x2, Viking  
  141  8:43  Marine x2, Supply Depot  
  141  8:44  Marauder, Supply Depot  
  141  8:46  Viking  
  155  8:50  Viking  
  157  9:01  Supply Depot  
  157  9:02  Marine x4  
  161  9:03  Marauder, Supply Depot  
  161  9:08  Supply Depot  
  163  9:10  Marauder  
  163  9:11  Marauder, Siege Tank  
  163  9:12  Viking  
  163  9:16  Terran Infantry Weapons Level 2  
  172  9:19  Terran Ship Weapons Level 1  
  172  9:20  Marine  
  172  9:23  Viking  
  175  9:27  Marine x2  
  175  9:29  Viking  
  179  9:41  Marauder x3, Marine x2  
  179  9:44  Viking  
  189  9:49  Marine x2  
  189  9:50  Medivac  
  193  9:58  Marine  
  193  9:59  Marine  
  195  10:02  Marauder, Marine x2  
  195  10:05  Command Center  
  199  10:14  Marine  
  200  10:23  Barracks  
  200  10:24  Barracks  
  200  10:26  Barracks, Starport  
  199  10:42  Marine  
  196  11:01  Marine x2  
  196  11:02  Marauder  
  188  11:28  Marine x4  
  188  11:29  Marauder x3, Viking  
  176  11:59  Marauder x2, Marine x2  
  176  12:00  Marauder  
  183  12:06  Ghost Academy  
  183  12:08  Ghost Academy  
  182  12:09  Ghost Academy  
  182  12:19  Barracks Reactor  
  182  12:20  Barracks Tech Lab  
  182  12:21  Marauder, Starport Reactor  
  182  12:22  Barracks Reactor  
  184  12:23  Command Center  
  184  12:29  Command Center  
  184  12:33  Marine x2  
  184  12:34  Marauder x2, Marine  
  191  12:37  Terran Infantry Armor Level 2  
  191  12:38  Terran Infantry Weapons Level 3, Terran Ship Weapons Level 2  
  191  12:41  Ghost  
  193  12:47  Marine x2  
  195  12:51  Marine  
  195  12:56  Marauder x2  
  174  13:03  Viking x4  
  174  13:04  Viking x2  
  181  13:11  Marine x2  
  181  13:12  Marine x7  
  188  13:13  Marine  
  188  13:16  Marine  
  188  13:17  Marine  
  188  13:18  Planetary Fortress  
  193  13:28  Missile Turret  
  193  13:29  Marine x2  
  193  13:30  Ghost  
  193  13:31  Missile Turret  
  193  13:33  Viking  
  199  13:34  Sensor Tower  
  199  13:35  Orbital Command  
  199  13:52  Command Center  
  199  13:58  Marine  
  200  14:36  Refinery  
  200  14:38  Missile Turret  
  200  14:40  Missile Turret, Refinery  
  122  15:30  Marauder x2, Ghost x2, Marine  
  122  15:31  Marine x3  
  122  15:32  Marine x4  
  113  15:44  Viking x2  
  113  15:45  Viking x4  
  113  15:48  Marine  
  113  15:49  Marine  
  127  15:51  Ghost  
  129  16:00  Marine x2  
  129  16:01  Marine x7  
  138  16:06  Marine  
  138  16:14  Viking x2  
  138  16:15  Viking  
  137  16:20  Marine x3  
  137  16:21  Marine  
  108  16:43  Marine x5  
  108  16:44  Marine x2  
  108  16:45  Viking x4  
  117  16:52  Missile Turret  
  117  16:53  Missile Turret x3  
  117  16:56  Missile Turret  
  117  17:00  Missile Turret, Marine x5  
  117  17:01  Missile Turret, Viking  
  122  17:03  Missile Turret  
  122  17:04  Missile Turret  
  124  17:16  Marine  
  124  17:17  Marine x3  
  128  17:33  Marine x4  
  132  17:38  Marine x2  
  132  17:39  Marine x6  
  140  17:51  Marine  
  121  18:20  Command Center  
Tags
 
Add a new tag
Caveats
  • Supply blocks, unpowered buildings, or Contaminate may cause inaccurate times.
  • Supply counts are checked every 10 seconds.